 Dungeon Crawl Stone Soup version 0.21-a0-229-g3587535 (webtiles) character file.

4 Musica the Ducker (level 1, 0/10 HPs)
             Began as a Felid Berserker on Sept 1, 2017.
             Was a Follower of Trog.
             Slain by a dart slug (1 damage)
             ... on level 1 of the Dungeon.
             The game lasted 00:00:30 (92 turns).

Musica the Ducker (Felid Berserker)                   Turns: 92, Time: 00:00:31

Health: 0/10       AC:  1    Str: 13    XL:     1   Next: 58%
Magic:  2/2        EV: 19    Int:  8    God:    Trog [*.....]
Gold:   5          SH:  0    Dex: 15    Spells: 0/0 levels left
                                        Lives:  0   Deaths: 0

rFire    . . .     SeeInvis +     - Unarmed
rCold    . . .     Gourm    .   (shield unavailable)
rNeg     . . .     Faith    .   (armour unavailable)
rPois    .         Spirit   .   (helmet unavailable)
rElec    .         Reflect  .   (cloak unavailable)
rCorr    .         Harm     .   (gloves unavailable)
MR       .....                  (boots unavailable)
Stlth    ++........             (no amulet)
HPRegen  0.03/turn              (no ring)
MPRegen  0.08/turn              (no ring)

@: quick
A: no armour, no weapons or thrown items, stealth, claws 1, fangs 3, see
invisible, carnivore 3, speed 1, shaggy fur 1, slow metabolism 1, sharp paws
a: Berserk, Burn Spellbooks, Renounce Religion


You were on level 1 of the Dungeon.
You worshipped Trog.
Trog was aware of your devotion.
You were not hungry.

You visited 1 branch of the dungeon, and saw 1 of its levels.

You collected 5 gold pieces.

Inventory:

Scrolls
 d - a scroll of identify {unknown}
 e - a scroll of amnesia {unknown}
 g - a scroll of teleportation {unknown}
Potions
 b - 2 potions of flight {unknown}
 c - a potion of curing {unknown}
 f - a potion of brilliance {unknown}
Comestibles
 a - a meat ration


   Skills:
 + Level 3.1 Fighting
 + Level 4.1 Dodging
 + Level 3.1 Unarmed Combat


You couldn't memorise any spells.
You didn't know any spells.

Dungeon Overview and Level Annotations

Branches:
Dungeon (1/15)

Altars:


Innate Abilities, Weirdness & Mutations

You cannot wear armour.
You are incapable of wielding weapons or throwing items.
Your paws allow you to move quietly. (Stealth)
You have sharp claws.
You have razor-sharp teeth.
You have supernaturally acute eyesight. (SInv)
You are carnivorous and can eat meat at any time.
You cover ground quickly.
You are covered in fur. (AC +1)
You have a slow metabolism.
Your sharp claws are effective at attacking unaware monsters.


Message History

* * * LOW HITPOINT WARNING * * *
You scratch the rat.
The rat is severely wounded.
The rat misses you.
You closely miss the rat. Your bite misses the rat.
The rat is severely wounded.
The rat completely misses you. The dart slug launches a dart at you.
The slug dart misses you.
You barely miss the rat. Your claw misses the rat.
The rat is severely wounded.
The rat misses you.
You scratch the dart slug but do no damage.
You bite the dart slug, but do no damage.
The rat completely misses you.
You claw the dart slug!
You bite the dart slug, but do no damage.
The dart slug is severely wounded.
The rat closely misses you. The dart slug bites you.
You die...

#....# P. ## ###....###
P....#. .........##
.....#.###.......... #.
##...#..#......... #.
...........#....#### #.
#..........r....... #.
...........@w.....= #.
#.......###.### #.
##.###..# .#.## #.
###.###..# ....###.
#........#♣♣♣♣♣♣♣♣.......
#.#.###..≈♣≈≈≈♣≈≈≈♣..###.
#.#.# #.♣≈P≈≈P≈≈≈≈♣≈.###.
#.#.###..≈≈..≈≈≈≈≈≈♣♣≈##.
#.#.#............≈≈≈P≈...


You could see a dart slug and a rat.

Vanquished Creatures
  A leopard gecko (D:1)
  A bat (D:1)
  A kobold (D:1)
  2 rats (D:1)
5 creatures vanquished.

Notes
Turn   | Place    | Note
-------+----------+-------------------------------------------
     0 | D:1      | Musica the Felid Berserker began the quest for the Orb.
     0 | D:1      | Reached XP level 1. HP: 10/10 MP: 2/2
    92 | D:1      | Slain by a dart slug

Vault maps used:
D:1:      grunt_arrival_lava_bath, serial_bayou, serial_bayou_pond_e,
          serial_bayou_ford_a, serial_bayou_lagoon_a, serial_bayou_pond_b,
          minmay_misc_feat_chi

Action                   || total
-------------------------++-------
Melee: Unarmed           ||    20
       Bite              ||     3
 Stab: Sleeping          ||     1
  Eat: Chunk             ||     1
Dodge: Dodged            ||    17

Table legend:
 A = Spawn XP
 B = Non-spawn XP
 C = Spawn XP percentage of total XP
 D = Spawn monster count
 E = Non-spawn monster count
 F = Spawn count percentage of total count
 G = Total turns spent on level
                    A         B        C        D         E        F      G
               +---------+---------+-------+---------+---------+-------+---------
         Total |       0 |       7 |   0.0 |       0 |       5 |   0.0 |    92
               +---------+---------+-------+---------+---------+-------+---------
           D:1 |       0 |       7 |   0.0 |       0 |       5 |   0.0 |    92
               +---------+---------+-------+---------+---------+-------+---------
